3556 views
Uploaded 2020-05-07 17:38:23
Game version 1.32.4 / 1.32.5
27:03 long 2on2 custom game on (4)HillsbradCreek
Game name "W3Champions-10-132292"
Saved by NeverQuit
3556 views
Uploaded 2020-05-07 17:38:23
Game version 1.32.4 / 1.32.5
27:03 long 2on2 custom game on (4)HillsbradCreek
Game name "W3Champions-10-132292"


116 units @ 15k
/ 2.5k
69 buildings @ 7.6k
/ 4k

| Lesser Clarity Potion | 2 | 140 |
| Orb of Fire | 1 | 325 |
| Scroll of Town Portal | 1 | 350 |
| Healing Salve | 1 | 100 |
| Scroll of Speed | 1 | 50 |
| total: | 6 | 965g |
| Peasant | 21 | 1575 | / | 0 |
| Priest | 10 | 1350 | / | 100 |
| Sorceress | 7 | 1085 | / | 140 |
| Flying Machine | 15 | 1500 | / | 450 |
| Spell Breaker | 9 | 1935 | / | 270 |
| total: | 62 | 7445g | / | 960w |
| Scout Tower | 18 | 540 | / | 360 |
| Arcane Tower | 2 | 140 | / | 100 |
| Guard Tower | 12 | 840 | / | 600 |
| Altar of Kings | 1 | 180 | / | 50 |
| Farm | 11 | 880 | / | 220 |
| Lumber Mill | 1 | 120 | / | 0 |
| Blacksmith | 1 | 140 | / | 60 |
| Arcane Vault | 2 | 260 | / | 60 |
| Town Hall | 3 | 1155 | / | 615 |
| Cannon Tower | 1 | 120 | / | 100 |
| Arcane Sanctum | 2 | 300 | / | 280 |
| Workshop | 2 | 280 | / | 280 |
| Keep | 1 | 320 | / | 210 |
| Castle | 1 | 360 | / | 210 |
| total: | 41 | 3855g | / | 1925w |
| 0:01 | Peasant |
| 0:02 | Peasant |
| 0:06 | Altar of Kings |
| 0:07 | Farm |
| 0:22 | Peasant |
| 0:35 | Peasant |
| 0:37 | Farm |
| 0:48 | Lumber Mill |
| 0:54 | Peasant |
| 1:06 | Peasant |
| 1:18 | Scout Tower |
| 1:19 | Peasant |
| 1:33 | Peasant |
| 1:44 | Scout Tower |
| 1:46 | Peasant |
| 1:47 | Arcane Tower |
| 1:51 | Peasant |
| 2:00 | Flame Strike |
| 2:12 | Guard Tower |
| 2:14 | Scout Tower |
| 2:34 | Scout Tower |
| 2:35 | Peasant |
| 2:35 | Peasant |
| 2:45 | Guard Tower |
| 2:47 | Arcane Tower |
| 3:09 | Guard Tower |
| 3:40 | Keep |
| 4:07 | Blacksmith |
| 4:10 | Arcane Vault |
| 4:28 | Healing Salve |
| 4:30 | Scroll of Speed |
| 6:01 | Improved Lumber Harvesting |
| 6:02 | Castle |
| 6:03 | Arcane Sanctum |
| 6:04 | Arcane Sanctum |
| 6:06 | Workshop |
| 6:21 | Farm |
| 6:24 | Farm |
| 7:19 | Priest |
| 7:20 | Sorceress |
| 7:23 | Farm |
| 7:24 | Farm |
| 7:31 | Flying Machine |
| 7:40 | Sorceress |
| 7:41 | Priest |
| 7:56 | Flak Cannons |
| 8:11 | Sorceress |
| 8:11 | Priest |
| 8:12 | Farm |
| 8:30 | Farm |
| 8:33 | Flying Machine |
| 8:34 | Flying Machine |
| 8:51 | Sorceress Adept Training |
| 8:52 | Priest Adept Training |
| 9:22 | Siphon Mana |
| 9:27 | Arcane Vault |
| 9:28 | Flying Machine |
| 9:28 | Flying Machine |
| 9:30 | Sorceress |
| 9:30 | Priest |
| 10:06 | Priest Master Training |
| 10:09 | Peasant |
| 10:29 | Sorceress Master Training |
| 10:56 | Flame Strike |
| 11:02 | Priest |
| 11:06 | Farm |
| 11:09 | Scout Tower |
| 11:09 | Scout Tower |
| 11:29 | Peasant |
| 11:29 | Peasant |
| 11:35 | Fragmentation Shards |
| 11:40 | Workshop |
| 11:55 | Lesser Clarity Potion |
| 11:59 | Sorceress |
| 12:05 | Sorceress |
| 12:06 | Priest |
| 12:12 | Guard Tower |
| 12:14 | Scout Tower |
| 12:17 | Scout Tower |
| 12:28 | Flying Machine |
| 12:39 | Flying Machine |
| 12:48 | Flying Machine |
| 12:49 | Flying Machine |
| 13:01 | Siphon Mana |
| 13:02 | Flying Machine |
| 13:03 | Flying Machine |
| 13:10 | Guard Tower |
| 13:10 | Guard Tower |
| 13:22 | Flying Machine |
| 13:24 | Flying Machine |
| 14:08 | Town Hall |
| 15:09 | Black Gunpowder |
| 15:34 | Farm |
| 15:36 | Improved Masonry |
| 16:15 | Flame Strike |
| 16:22 | Refined Gunpowder |
| 16:24 | Peasant |
| 16:24 | Peasant |
| 16:24 | Peasant |
| 16:41 | Advanced Masonry |
| 16:42 | Spell Breaker |
| 16:43 | Spell Breaker |
| 16:45 | Flying Machine |
| 16:46 | Flying Machine |
| 18:12 | Imbued Gunpowder |
| 18:23 | Imbued Masonry |
| 18:25 | Farm |
| 18:29 | Priest |
| 18:29 | Priest |
| 19:14 | Spell Breaker |
| 19:15 | Spell Breaker |
| 19:43 | Iron Plating |
| 19:45 | Spell Breaker |
| 19:46 | Spell Breaker |
| 19:58 | Scout Tower |
| 19:58 | Scout Tower |
| 20:13 | Spell Breaker |
| 20:13 | Spell Breaker |
| 20:14 | Control Magic |
| 20:16 | Spell Breaker |
| 20:18 | Lesser Clarity Potion |
| 20:20 | Scroll of Town Portal |
| 20:29 | Orb of Fire |
| 21:00 | Guard Tower |
| 21:01 | Scout Tower |
| 21:03 | Scout Tower |
| 21:14 | Flying Machine Bombs |
| 21:35 | Peasant |
| 21:36 | Peasant |
| 21:36 | Peasant |
| 21:38 | Cannon Tower |
| 21:38 | Guard Tower |
| 21:39 | Scout Tower |
| 21:39 | Scout Tower |
| 21:46 | Priest |
| 22:23 | Summon Phoenix |
| 23:04 | Town Hall |
| 23:14 | Sorceress |
| 23:15 | Priest |
| 25:43 | Town Hall |
| 25:44 | Scout Tower |
| 25:46 | Scout Tower |
| 26:32 | Guard Tower |
| 26:33 | Scout Tower |
| 26:34 | Scout Tower |
| Right click | 1390 |
| Select | 794 |
| Select group | 258 |
| Misc. action | 242 |
| Build/train/purchase | 143 |
| Use ability | 92 |
| Assign group | 65 |
| Chat | 16 |
| Esc | 6 |
| Minimap ping | 4 |
| Item give/drop | 1 |
| Remove unit | 1 |
NeverQuit
(8)
(27:09) : 
| Healing Salve | 5 | 500 |
| Lesser Clarity Potion | 8 | 560 |
| Orb of Lightning | 1 | 375 |
| Tiny Great Hall | 3 | 1800 |
| Scroll of Town Portal | 1 | 350 |
| Boots of Speed | 1 | 250 |
| Staff of Teleportation | 1 | 150 |
| total: | 20 | 3985g |
| Peon | 16 | 1200 | / | 0 |
| Wind Rider | 3 | 795 | / | 120 |
| Troll Batrider | 35 | 5600 | / | 1400 |
| total: | 54 | 7595g | / | 1520w |
| Watch Tower | 16 | 1760 | / | 1280 |
| Altar of Storms | 3 | 540 | / | 150 |
| Orc Burrow | 4 | 640 | / | 160 |
| Voodoo Lounge | 1 | 130 | / | 30 |
| War Mill | 1 | 205 | / | 0 |
| Beastiary | 3 | 435 | / | 420 |
| Stronghold | 2 | 630 | / | 380 |
| Fortress | 1 | 325 | / | 190 |
| total: | 28 | 3710g | / | 2040w |
| 0:02 | Peon |
| 0:02 | Peon |
| 0:04 | Altar of Storms |
| 0:05 | Altar of Storms |
| 0:06 | Altar of Storms |
| 0:18 | Orc Burrow |
| 0:23 | Peon |
| 0:23 | Peon |
| 0:32 | Peon |
| 1:03 | Voodoo Lounge |
| 1:05 | Peon |
| 1:05 | Peon |
| 1:05 | Peon |
| 1:27 | War Mill |
| 1:29 | Peon |
| 1:44 | Peon |
| 1:44 | Peon |
| 1:45 | Peon |
| 1:56 | Orc Burrow |
| 2:06 | Healing Salve |
| 2:06 | Lesser Clarity Potion |
| 2:06 | Lesser Clarity Potion |
| 2:08 | Peon |
| 2:14 | Wind Walk |
| 2:41 | Stronghold |
| 3:11 | Watch Tower |
| 3:45 | Watch Tower |
| 3:56 | Boots of Speed |
| 3:57 | Staff of Teleportation |
| 5:03 | Beastiary |
| 5:05 | Beastiary |
| 5:06 | Fortress |
| 5:45 | Orc Burrow |
| 5:46 | Reinforced Defenses |
| 6:13 | Lesser Clarity Potion |
| 6:13 | Lesser Clarity Potion |
| 6:14 | Healing Salve |
| 6:17 | Wind Rider |
| 6:22 | Wind Rider |
| 6:22 | Wind Rider |
| 6:39 | Steel Armor |
| 7:14 | Troll Batrider |
| 7:44 | Liquid Fire |
| 7:44 | Troll Batrider |
| 7:45 | Steel Ranged Weapons |
| 8:09 | Troll Batrider |
| 9:31 | Troll Batrider |
| 9:38 | Beastiary |
| 9:41 | Orc Burrow |
| 9:49 | Critical Strike |
| 10:00 | Troll Batrider |
| 10:01 | Troll Batrider |
| 10:01 | Troll Batrider |
| 10:18 | Troll Batrider |
| 10:18 | Troll Batrider |
| 10:37 | Troll Batrider |
| 10:37 | Troll Batrider |
| 10:54 | Wind Walk |
| 10:58 | Troll Batrider |
| 11:19 | Orb of Lightning |
| 11:26 | Watch Tower |
| 11:28 | Watch Tower |
| 11:29 | Watch Tower |
| 11:29 | Watch Tower |
| 11:29 | Watch Tower |
| 11:53 | Troll Batrider |
| 12:22 | Troll Batrider |
| 12:39 | Troll Batrider |
| 12:39 | Troll Batrider |
| 13:05 | Troll Batrider |
| 13:05 | Troll Batrider |
| 13:15 | Critical Strike |
| 13:26 | Tiny Great Hall |
| 13:27 | Tiny Great Hall |
| 13:49 | Troll Batrider |
| 14:04 | Peon |
| 14:11 | Troll Batrider |
| 14:11 | Troll Batrider |
| 14:20 | Troll Batrider |
| 14:30 | Troll Batrider |
| 14:30 | Troll Batrider |
| 14:47 | Troll Batrider |
| 15:20 | Wind Walk |
| 15:21 | Wind Walk |
| 15:32 | Troll Batrider |
| 15:33 | Troll Batrider |
| 15:56 | Lesser Clarity Potion |
| 15:56 | Healing Salve |
| 15:58 | Lesser Clarity Potion |
| 16:19 | Troll Batrider |
| 16:40 | Troll Batrider |
| 17:19 | Watch Tower |
| 18:19 | Watch Tower |
| 18:20 | Watch Tower |
| 18:54 | Troll Batrider |
| 18:54 | Troll Batrider |
| 18:55 | Troll Batrider |
| 19:05 | Bladestorm |
| 19:17 | Scroll of Town Portal |
| 19:38 | Troll Batrider |
| 19:38 | Troll Batrider |
| 20:35 | Critical Strike |
| 21:00 | Healing Salve |
| 22:46 | Peon |
| 22:47 | Peon |
| 22:49 | Watch Tower |
| 22:49 | Watch Tower |
| 22:50 | Watch Tower |
| 22:50 | Watch Tower |
| 22:50 | Watch Tower |
| 22:56 | Mirror Image |
| 23:38 | Troll Batrider |
| 24:33 | Tiny Great Hall |
| 24:46 | Watch Tower |
| 26:17 | Lesser Clarity Potion |
| 26:17 | Lesser Clarity Potion |
| 26:18 | Healing Salve |
| Right click | 2141 |
| Select group | 1364 |
| Select | 261 |
| Build/train/purchase | 177 |
| Chat | 140 |
| Use ability | 46 |
| Assign group | 23 |
| Resource trade | 12 |
| Minimap ping | 10 |
| Misc. action | 7 |
| Esc | 3 |
| Item give/drop | 2 |
92 units @ 11.1k
/ 1.2k
55 buildings @ 8.9k
/ 4.2k


| Healing Salve | 8 | 800 |
| Lesser Clarity Potion | 4 | 280 |
| Scroll of Speed | 3 | 150 |
| total: | 15 | 1230g |
| Peon | 15 | 1125 | / | 0 |
| Grunt | 4 | 800 | / | 0 |
| Troll Batrider | 7 | 1120 | / | 280 |
| Raider | 5 | 900 | / | 200 |
| Spirit Walker | 3 | 585 | / | 105 |
| Troll Headhunter | 1 | 140 | / | 20 |
| total: | 35 | 4670g | / | 605w |
| Watch Tower | 6 | 660 | / | 480 |
| Altar of Storms | 2 | 360 | / | 100 |
| Orc Burrow | 10 | 1600 | / | 400 |
| Voodoo Lounge | 1 | 130 | / | 30 |
| Barracks | 1 | 180 | / | 50 |
| War Mill | 1 | 205 | / | 0 |
| Great Hall | 3 | 1155 | / | 555 |
| Tauren Totem | 1 | 135 | / | 155 |
| Beastiary | 2 | 290 | / | 280 |
| Stronghold | 1 | 315 | / | 190 |
| total: | 27 | 4715g | / | 2050w |
| 0:02 | Peon |
| 0:05 | Altar of Storms |
| 0:08 | Altar of Storms |
| 0:16 | Orc Burrow |
| 0:26 | Peon |
| 0:33 | Peon |
| 0:58 | Voodoo Lounge |
| 1:01 | Peon |
| 1:01 | Peon |
| 1:28 | Peon |
| 1:40 | Barracks |
| 1:46 | Peon |
| 2:07 | Orc Burrow |
| 2:09 | Healing Salve |
| 2:09 | Lesser Clarity Potion |
| 2:09 | Scroll of Speed |
| 2:10 | Feral Spirit |
| 3:18 | Stronghold |
| 3:19 | Grunt |
| 3:51 | Healing Salve |
| 4:09 | Grunt |
| 4:11 | Orc Burrow |
| 4:33 | Grunt |
| 4:49 | War Mill |
| 5:09 | Grunt |
| 6:15 | Tauren Totem |
| 6:17 | Beastiary |
| 6:35 | Chain Lighting |
| 6:39 | Peon |
| 6:42 | War Stomp |
| 7:16 | Scroll of Speed |
| 7:17 | Healing Salve |
| 7:17 | Lesser Clarity Potion |
| 7:45 | Troll Batrider |
| 7:47 | Orc Burrow |
| 8:17 | Raider |
| 8:18 | Ensnare |
| 8:22 | Orc Burrow |
| 8:42 | Spirit Walker |
| 8:42 | Spirit Walker Adept Training |
| 9:03 | Reinforced Defenses |
| 9:16 | Troll Batrider |
| 9:30 | Great Hall |
| 9:35 | Feral Spirit |
| 9:46 | Peon |
| 9:59 | Troll Batrider |
| 10:01 | Healing Salve |
| 10:25 | Endurance Aura |
| 10:27 | Troll Batrider |
| 11:13 | Healing Salve |
| 11:15 | Scroll of Speed |
| 11:35 | Spirit Walker |
| 11:47 | Troll Headhunter |
| 11:53 | Beastiary |
| 11:55 | Troll Batrider |
| 12:00 | War Stomp |
| 12:21 | Peon |
| 12:21 | Peon |
| 12:21 | Peon |
| 12:22 | Peon |
| 13:16 | Watch Tower |
| 13:18 | Watch Tower |
| 13:20 | Peon |
| 13:21 | Watch Tower |
| 13:23 | Watch Tower |
| 13:25 | Watch Tower |
| 13:27 | Watch Tower |
| 13:33 | Troll Batrider |
| 14:10 | Peon |
| 14:21 | Troll Batrider |
| 15:32 | Raider |
| 16:46 | Spirit Walker |
| 16:58 | Raider |
| 17:59 | Raider |
| 17:59 | Raider |
| 18:06 | Chain Lighting |
| 18:35 | Pillage |
| 18:37 | Healing Salve |
| 19:50 | Endurance Aura |
| 20:18 | Orc Burrow |
| 20:19 | Orc Burrow |
| 21:44 | Great Hall |
| 22:02 | Orc Burrow |
| 22:02 | Orc Burrow |
| 22:42 | Chain Lighting |
| 24:13 | Healing Salve |
| 24:13 | Healing Salve |
| 24:18 | War Stomp |
| 24:23 | Great Hall |
| 24:31 | Lesser Clarity Potion |
| 24:39 | Lesser Clarity Potion |
| 25:12 | Orc Burrow |
| Right click | 1829 |
| Select | 886 |
| Select group | 390 |
| Misc. action | 282 |
| Chat | 185 |
| Build/train/purchase | 144 |
| Use ability | 116 |
| Assign group | 24 |
| Minimap ping | 7 |
| Item give/drop | 2 |
| Esc | 1 |

| Potion of Healing | 1 | 150 |
| Orb of Venom | 1 | 325 |
| Lesser Clarity Potion | 1 | 70 |
| Dust of Appearance | 2 | 150 |
| Scroll of Town Portal | 1 | 350 |
| Boots of Speed | 1 | 250 |
| total: | 7 | 1295g |
| Wisp | 24 | 1440 | / | 0 |
| Archer | 14 | 1820 | / | 140 |
| Hippogryph | 15 | 2400 | / | 300 |
| Faerie Dragon | 3 | 465 | / | 75 |
| Chimaera | 1 | 330 | / | 70 |
| total: | 57 | 6455g | / | 585w |
| Ancient Protector | 14 | 1890 | / | 1120 |
| Altar of Elders | 1 | 180 | / | 50 |
| Moon Well | 7 | 1260 | / | 280 |
| Ancient of War | 1 | 150 | / | 60 |
| Hunter's Hall | 1 | 210 | / | 100 |
| Ancient of Wonders | 1 | 90 | / | 30 |
| Ancient of Wind | 2 | 300 | / | 280 |
| Chimaera Roost | 1 | 140 | / | 190 |
| Tree of Ages | 1 | 320 | / | 180 |
| Tree of Eternity | 1 | 330 | / | 200 |
| total: | 28 | 4220g | / | 2110w |
| 0:01 | Wisp |
| 0:01 | Wisp |
| 0:04 | Altar of Elders |
| 0:16 | Moon Well |
| 0:27 | Wisp |
| 0:39 | Wisp |
| 0:45 | Wisp |
| 0:46 | Wisp |
| 0:59 | Ancient of War |
| 1:06 | Wisp |
| 1:18 | Wisp |
| 1:47 | Moon Well |
| 1:53 | Wisp |
| 2:01 | Archer |
| 2:13 | Entangling Roots |
| 2:17 | Wisp |
| 2:45 | Tree of Ages |
| 3:34 | Hunter's Hall |
| 3:37 | Moon Well |
| 4:14 | Boots of Speed |
| 4:15 | Dust of Appearance |
| 4:37 | Moon Well |
| 5:14 | Wisp |
| 5:14 | Wisp |
| 5:20 | Ancient of Wonders |
| 6:19 | Tree of Eternity |
| 6:28 | Ancient of Wind |
| 7:01 | Moon Well |
| 7:34 | Hippogryph |
| 7:34 | Hippogryph |
| 7:34 | Hippogryph |
| 7:54 | Moon Well |
| 8:19 | Potion of Healing |
| 8:43 | Hippogryph |
| 8:44 | Wisp |
| 8:44 | Wisp |
| 8:44 | Wisp |
| 8:46 | Chimaera Roost |
| 8:47 | Ancient of Wind |
| 8:54 | Orb of Venom |
| 9:34 | Reinforced Hides |
| 9:35 | Wisp |
| 9:35 | Wisp |
| 9:35 | Wisp |
| 9:35 | Wisp |
| 9:45 | Lesser Clarity Potion |
| 9:49 | Force of Nature |
| 9:54 | Faerie Dragon |
| 9:58 | Faerie Dragon |
| 10:10 | Moon Well |
| 10:36 | Chimaera |
| 10:49 | Hippogryph |
| 11:21 | Hippogryph |
| 11:43 | Hippogryph |
| 12:01 | Entangling Roots |
| 12:09 | Hippogryph |
| 13:02 | Dust of Appearance |
| 13:11 | Ancient Protector |
| 13:11 | Ancient Protector |
| 13:12 | Ancient Protector |
| 13:13 | Wisp |
| 13:13 | Wisp |
| 13:13 | Wisp |
| 13:16 | Ancient Protector |
| 13:20 | Ancient Protector |
| 13:41 | Faerie Dragon |
| 14:42 | Hippogryph |
| 14:43 | Hippogryph |
| 14:50 | Wisp |
| 14:50 | Wisp |
| 15:48 | Ancient Protector |
| 15:50 | Ancient Protector |
| 15:51 | Ancient Protector |
| 15:51 | Ancient Protector |
| 16:30 | Hippogryph |
| 16:30 | Hippogryph |
| 17:03 | Improved Bows |
| 17:03 | Archer |
| 17:03 | Archer |
| 17:03 | Archer |
| 17:04 | Archer |
| 18:37 | Archer |
| 18:37 | Archer |
| 19:32 | Archer |
| 19:33 | Archer |
| 19:39 | Scroll of Town Portal |
| 20:03 | Hippogryph |
| 20:03 | Hippogryph |
| 20:03 | Hippogryph |
| 20:04 | Druid of the Talon Adept Training |
| 20:04 | Archer |
| 20:04 | Archer |
| 20:05 | Archer |
| 20:05 | Archer |
| 20:05 | Archer |
| 20:35 | Ancient Protector |
| 20:37 | Ancient Protector |
| 20:37 | Ancient Protector |
| 20:38 | Ancient Protector |
| 20:38 | Ancient Protector |
| 20:53 | Force of Nature |
| Right click | 1392 |
| Assign group | 1311 |
| Select | 465 |
| Select group | 384 |
| Build/train/purchase | 103 |
| Misc. action | 101 |
| Use ability | 55 |
| Chat | 55 |
| Resource trade | 18 |
| Minimap ping | 17 |
| Esc | 8 |
| Remove unit | 3 |
| Item give/drop | 2 |